 Dungeon Crawl Stone Soup version 0.29-a0-529-gfa20dd96a1 (console) character file.

Game seed: 16500747954797555855

842 om the Chopper (level 7, -4/62 HPs)
             Began as a Minotaur Berserker on June 2, 2022.
             Was a Believer of Trog.
             Slain by an ogre
             ... wielding a +0 giant club
              (14 damage)
             ... on level 4 of the Dungeon.
             The game lasted 00:04:58 (3112 turns).

om the Chopper (Minotaur Berserker)                 Turns: 3112, Time: 00:04:58

Health: -4/62      AC: 12    Str: 22    XL:     7   Next: 67%
Magic:  6/6        EV:  9    Int:  4    God:    Trog [**....]
Gold:   111        SH:  0    Dex: 11    Spells: 6/6 levels left

rFire   . . .      SeeInvis .   a - +0 hand axe
rCold   . . .      Faith    .   (no shield)
rNeg    . . .      Spirit   .   m - +0 chain mail
rPois   .          Reflect  .   (helmet restricted)
rElec   .          Harm     .   (no cloak)
rCorr   .          Rampage  .   n - +0 pair of gloves
Will    .....                   e - +0 pair of boots
Stlth   ..........              h - amulet of the acrobat
HPRegen 0.20/turn               (no ring)
MPRegen 0.10/turn               (no ring)

@: on berserk cooldown, slowed, very slow
A: horns 2, retaliatory headbutt
a: Renounce Religion, Berserk, Trog's Hand


You were on level 4 of the Dungeon.
You worshipped Trog.
Trog was pleased with you.
You visited 1 branch of the dungeon, and saw 4 of its levels.

You collected 111 gold pieces.

Inventory:

Hand Weapons
 a - a +0 hand axe (weapon)
Armour
 e - a +0 pair of boots (worn)
 m - a +0 chain mail (worn)
 n - a +0 pair of gloves (worn)
Jewellery
 h - an amulet of the acrobat (around neck)
 l - a ring of protection from fire
Scrolls
 b - a scroll of immolation {unknown}
 k - a scroll of torment {unknown}
 o - a scroll of summoning
Potions
 c - a potion of resistance {unknown}
 d - a potion of degeneration {unknown}
 f - a potion of magic {unknown}
 g - a potion of brilliance {unknown}
 j - a potion of cancellation {unknown}


   Skills:
 + Level 5.9 Fighting
 + Level 6.7 Axes
 * Level 5.9 Armour
 + Level 4.9 Dodging


You had 6 spell levels left.
You didn't know any spells.
Your spell library was empty.

Dungeon Overview and Level Annotations

Branches:
Dungeon (4/15)
 Temple: D:4-7

Altars:


Innate Abilities, Weirdness & Mutations

You have a pair of horns on your head.
You reflexively headbutt those who attack you in melee.


Message History

You slash the goblin!
You kill the goblin!
Trog accepts your kill.
You barely miss the phantom.
The phantom hits you but does no damage.
You barely miss the phantom. You barely miss the phantom.
You headbutt the phantom!
The phantom is heavily damaged.
The phantom hits you.
You closely miss the phantom. Your headbutt misses the phantom.
The phantom is heavily damaged.
The phantom hits you but does no damage.
You slash the phantom!
The phantom is almost destroyed.
You hit the phantom.
You destroy the phantom!
Trog accepts your kill.
No target in view!
An ogre comes into view. It is wielding a +0 giant club.
The ogre shouts!
Things that are here:
a +0 hunting sling; a +0 dagger; a goblin corpse You feel a strong urge to attack something.
Things that are here:
a +0 hunting sling; a +0 dagger; a goblin corpse You feel your anger nearly subside.
You are no longer berserk.
You are exhausted.
You feel yourself slow down.
You hit the ogre. Your headbutt misses the ogre.
The ogre is lightly wounded.
The ogre hits you with a +0 giant club!!
You hit the ogre. You headbutt the ogre!
The ogre is heavily wounded.
The ogre hits you with a +0 giant club!
You barely miss the ogre. You headbutt the ogre.
The ogre is severely wounded.
The ogre hits you with a +0 giant club!!
* * * LOW HITPOINT WARNING * * *
You feel better. The ogre hits you with a +0 giant club!
You die...

## .. .. ... .. ..
###.##.## ##.
......... ...
......... #.#
#.#.#...# #.#
#.......###########†#
#.....)....O@.)...#
#..#..#####.#####.#
........# #.# #.#
.......O# #.# #<#
###..#..# #.# #.#
........ ... #.#
##..###.# #.# ### #.
#.. ... #. #.# #..


You could see an ogre.

Vanquished Creatures
  Grinder (D:3)
  Sigmund (D:2)
  The ghost of jlumianski the Covered, an amateur GrFi of Wu Jian (D:3)
  A phantom (D:4)
  A scorpion (D:4)
  A howler monkey (D:4)
  2 bullfrog skeletons (D:3)
  Terence (D:2)
  A howler monkey zombie (D:3)
  8 adders
  2 dart slugs
  An orc (D:3)
  6 ball pythons
  5 bats
  5 endoplasms
  4 giant cockroaches
  6 goblins
  2 hobgoblins
  6 jackals
  7 kobolds
  3 quokkas
  6 frilled lizards
  7 rats
78 creatures vanquished.

Notes
Turn   | Place    | Note
-------+----------+-------------------------------------------
     0 | D:1      | om the Minotaur Berserker began the quest for the Orb.
     0 | D:1      | Reached XP level 1. HP: 19/19 MP: 0/0
   243 | D:1      | Reached XP level 2. HP: 27/27 MP: 1/1
   269 | D:1      | Reached skill level 4 in Axes
   525 | D:1      | Found a faded altar of an unknown god.
   805 | D:1      | Reached XP level 3. HP: 33/33 MP: 2/2
  1172 | D:2      | Reached ** piety under Trog
  1342 | D:2      | Noticed Sigmund
  1348 | D:2      | Killed Sigmund
  1349 | D:2      | Reached skill level 5 in Axes
  1349 | D:2      | Reached XP level 4. HP: 34/41 MP: 3/3
  1349 | D:2      | Reached XP level 5. HP: 39/47 MP: 4/4
  1783 | D:2      | Noticed Terence
  1789 | D:2      | Killed Terence
  2019 | D:3      | Reached XP level 6. HP: 49/55 MP: 5/5
  2107 | D:3      | Found a runed translucent gate.
  2107 | D:3      | Found a runed translucent gate.
  2108 | D:3      | Found a runed translucent gate.
  2317 | D:3      | Reached skill level 6 in Axes
  2431 | D:3      | Reached skill level 5 in Fighting
  2490 | D:3      | Noticed Grinder
  2499 | D:3      | Paralysed by Grinder for 2 turns
  2507 | D:3      | Killed Grinder
  2703 | D:3      | Noticed jlumianski's ghost (amateur GrFi)
  2950 | D:3      | Reached XP level 7. HP: 61/61 MP: 6/6
  2951 | D:3      | Killed jlumianski's ghost
  2952 | D:3      | Reached skill level 5 in Armour
  3111 | D:4      | HP: 3/62 [ogre/+0 giant club (28)]
  3112 | D:4      | Slain by an ogre

Illustrated notes

Levels and vault maps discovered:
D:1:      scummos_arrival_simple_crosswalls, layout_loops_cross,
          shapermc_ecumenical_altar_rom_forum, kennysheep_nondescript,
          minmay_distorted
D:2:      layout_loops_ring, uniq_terence, uniq_sigmund
D:3:      layout_loops_ring, gammafunk_ghost_necromancy, uniq_grinder
D:4:      layout_basic, nicolae_overflow_crystal_walls,
          mainiacjoe_overflow_24_doors, serial_shops, shop_statue,
          chequers_serial_rivers_micro_c, kennysheep_donut

Skill      XL: |  1  2  3  4  5  6  7 |
---------------+----------------------+-----
Axes           | 4 5 6 |  6.7
Fighting       | 4 5 |  5.9
Armour         | 3 4 5 |  5.9
Dodging        | 3 4 |  4.9

Action                   |  1- 3 |  4- 6 |  7- 9 || total
-------------------------+-------+-------+-------++-------
Melee: Hand axe          |    60 |    67 |    29 ||   156
       Headbutt          |    10 |     9 |     8 ||    27
Invok: Berserk           |     3 |     3 |     1 ||     7
  Use: Scroll            |       |     6 |       ||     6
       Potion            |       |     2 |     1 ||     3
 Stab: Distracted        |       |     1 |       ||     1
       Sleeping          |       |     1 |       ||     1
Armor: Animal skin       |     8 |     8 |       ||    16
       Chain mail        |       |     5 |     9 ||    14
Dodge: Dodged            |    46 |    46 |     9 ||   101

Table legend: (Time is in decaauts)
 A = Elapsed time spent in this place.
 B = Non-inter-level travel time spent in this place.
 C = Inter-level travel time spent in this place.
 D = Time resting spent in this place.
 E = Time spent auto-exploring this place.
 F = Levels seen in this place.
 G = Mean time per level.
                   A        B        C        D        E       F      G
               +--------+--------+--------+--------+--------+-----+--------+
         Total |   3174 |   2956 |    218 |    137 |   2300 |   4 |  793.5 |
       Dungeon |   3174 |   2956 |    218 |    137 |   2300 |   4 |  793.5 |
               +--------+--------+--------+--------+--------+-----+--------+

Top non-repeatable levels by time:
     D:1: 1177 daAuts
     D:3: 1017 daAuts
     D:2: 929 daAuts
     D:4: 50 daAuts
